 Dungeon Crawl Stone Soup version 0.30-a0-2-gf48d83f5e2 (webtiles) character file.

Game seed: 5553085900264315861

178 frimble the Digger (level 5, -1/31 HPs)
             Began as a Demonspawn Earth Elementalist on Aug 20, 2022.
             Slain by an orc wizard
             ... wielding a +0 dagger
              (3 damage)
             ... on level 4 of the Dungeon.
             The game lasted 00:04:25 (3328 turns).

frimble the Digger (Demonspawn Earth Elementalist)  Turns: 3328, Time: 00:04:25

Health: -1/31      AC:  4    Str:  8    XL:     5   Next: 32%
Magic:  8/8        EV: 12    Int: 17    God:
Gold:   72         SH:  0    Dex: 15    Spells: 7/8 levels left

rFire   . . .      SeeInvis .    f - +1 hand axe (vorpal)
rCold   + . .      Faith    .    (no shield)
rNeg    . . .      Spirit   .    a - +0 robe
rPois   .          Reflect  .    (no helmet)
rElec   .          Harm     .    (no cloak)
rCorr   .          Rampage  .    (no gloves)
Will    .....                    (no boots)
Stlth   ++........               (no amulet)
HPRegen 0.10/turn                n - ring of protection from cold
MPRegen 0.11/turn                (no ring)

@: no status effects
A: slimy green scales 1, talons 1, frail 1
a: no special abilities


You were on level 4 of the Dungeon.
You visited 1 branch of the dungeon, and saw 5 of its levels.

You collected 138 gold pieces.
You spent 66 gold pieces at shops.

Inventory:

Hand Weapons
 c - a +0 spear
 f - a +1 vorpal hand axe (weapon)
Armour
 a - a +0 robe (worn)
Jewellery
 n - a ring of protection from cold (left hand)
Scrolls
 d - a scroll of enchant armour {unknown}
 e - a scroll of immolation {unknown}
 i - 5 scrolls of teleportation
 j - a scroll of magic mapping {unknown}
 q - a scroll of poison {unknown}
Potions
 b - a potion of magic
 g - a potion of attraction
 l - a potion of might
 p - a potion of haste {unknown}
 r - a potion of brilliance {unknown}


   Skills:
 + Level 0.0 Fighting
 - Level 2.0 Dodging
 - Level 2.0 Stealth
 - Level 2.1 Spellcasting
 - Level 3.2 Transmutations
 - Level 4.2 Earth Magic


You had 7 spell levels left.
You knew the following spells:

 Your Spells              Type           Power      Damage    Failure   Level
a - Sandblast             Erth           32%        2d9       3%          1

Your spell library contained the following spells:

 Spells                   Type           Power      Damage    Failure   Level
 Passwall                 Tmut/Erth      11%        N/A       6%          2
 Stone Arrow              Conj/Erth      16%        3d8       24%         3
 Petrify                  Tmut/Erth      14%        N/A       38%         4
 Anguish                  Hex/Necr       0%         N/A       88%         4
 Enfeeble                 Hex            0%         N/A       100%        7


Dungeon Overview and Level Annotations

Branches:
Dungeon (5/15)
 Temple: D:4-7

Altars:

Shops:
D:2 ?!(??


Innate Abilities, Weirdness & Mutations

You are partially covered in slimy green scales. (AC +2)
You have sharp toenails.
You are frail. (-10% HP)


Message History

The orc wizard hits you but does no damage.
You closely miss the orc priest.
The orc priest is lightly wounded.
You hit the orc wizard. The orc priest closely misses you.
The orc wizard hits you with a +0 dagger.
You feel much better. The orc hits you but does no damage.
The orc wizard hits you but does no damage.
The orc priest hits you with a +0 flail.
You closely miss the orc priest.
The orc priest is lightly wounded.
You hit the orc but do no damage.
You hit the orc wizard but do no damage.
The orc wizard closely misses you. The orc barely misses you.
The orc priest miscasts a cantrip.
The orc wizard hits you with a +0 dagger.
The orc priest barely misses you.
You hit the orc priest. You claw the orc priest.
The orc priest is severely wounded.
You closely miss something. You closely miss the orc wizard.
The orc priest looks encouraged for a moment.
Something hits you.
The orc wizard gestures at you while chanting.
The puff of flame hits you.
You barely miss the orc priest. You claw the orc priest.
The orc priest is almost dead.
You closely miss something. You hit the orc wizard.
The orc priest hits you with a +0 flail.
Something hits you.
The orc wizard hits you with a +0 dagger.
You barely miss the orc priest. Your kick misses the orc priest.
The orc priest is almost dead.
You closely miss something. You barely miss the orc wizard.
The orc wizard mumbles some strange words.
The orc wizard flickers and vanishes!
The orc priest hits you with a +0 flail!
* * * LOW HITPOINT WARNING * * *
Something hits you.
* * * LOW HITPOINT WARNING * * *
Something hits you.
You die...

...............#
...............#
........>......#
...............#
#######.######.#
....# #.# #'####
....# ... #....#
....#... #.{..#
....#. #..@o#
....# ####o#
...... .o..
...... .....#
...... ......#
.......+
........#
#+##.....#


You could see an orc priest and 2 orcs.

Vanquished Creatures
  A scorpion (D:5)
  A hound (D:5)
  Ijyb (D:5)
  An adder (D:2)
  A worm (D:2)
  3 dart slugs
  7 ball pythons
  4 endoplasms
  6 giant cockroaches
  2 goblins (D:1)
  4 hobgoblins
  3 jackals (D:1)
  2 quokkas
  4 bats
  3 frilled lizards
  3 kobolds
  3 rats (D:2)
49 creatures vanquished.

Notes
Turn   | Place    | Note
-------+----------+-------------------------------------------
     0 | D:1      | frimble the Demonspawn Earth Elementalist began the quest
                  | for the Orb.
     0 | D:1      | Reached XP level 1. HP: 13/13 MP: 3/3
    17 | D:1      | Reached skill level 1 in Transmutations
   450 | D:1      | Gained mutation: You are partially covered in slimy green
                  | scales. (AC +2) [demonic ancestry]
   450 | D:1      | Reached XP level 2. HP: 19/19 MP: 3/5
  1033 | D:1      | Reached skill level 3 in Earth Magic
  1604 | D:1      | Reached XP level 3. HP: 18/24 MP: 4/6
  1838 | D:2      | Found Igrir's Distillery.
  1838 | D:2      | Found Geolog's Weapon Boutique.
  1852 | D:2      | Bought a potion of attraction for 33 gold pieces
  1898 | D:2      | Found Kicsiaf's Magic Scroll Shoppe.
  1929 | D:2      | Bought a scroll of teleportation for 33 gold pieces
  2005 | D:2      | Found Rabraig's Magic Scroll Shoppe.
  2541 | D:2      | Found a faded altar of an unknown god.
  2602 | D:2      | Found Huopug's Magic Scroll Boutique.
  2834 | D:3      | You fall into a shaft and drop 2 floors!
  2834 | D:5      | Entered Level 5 of the Dungeon
  2853 | D:5      | Reached XP level 4. HP: 16/30 MP: 2/7
  2994 | D:5      | Noticed Ijyb
  3032 | D:5      | Noticed a scorpion
  3034 | D:5      | Killed Ijyb
  3040 | D:5      | Gained mutation: You are frail. (-10% HP) [potion of
                  | mutation]
  3040 | D:5      | Gained mutation: You have sharp toenails. [potion of
                  | mutation]
  3044 | D:5      | Killed a scorpion
  3045 | D:5      | Reached skill level 4 in Earth Magic
  3045 | D:5      | Reached XP level 5. HP: 12/31 MP: 8/8
  3328 | D:4      | Slain by an orc wizard

Illustrated notes

Levels and vault maps discovered:
D:1:      minmay_arrival_shoal_huts, layout_basic,
          corexii_item_surrounded_by_moat, corexii_hall_statues_t
D:2:      layout_basic, serial_shops, shop, shop, shop, nicolae_lakefront_shop,
          nicolae_shop_bloodbath_and_beyond, ebering_ecumenical_altar_abandoned
D:3:      layout_rooms, serial_shops, shop_statue, nrook_campfire
D:4:      layout_gridville, chequers_serial_rivers_large_b, uniq_sigmund
D:5:      corexii_shantytown, layout_loops_ring, abandoned_shop,
          uniq_blork_the_orc, uniq_ijyb

Skill      XL: |  1  2  3  4 |
---------------+-------------+-----
Transmutations | 1 2 3 |  3.2
Stealth        | 2 |  2.0
Dodging        | 2 |  2.0
Earth Magic    | 3 4 |  4.2
Spellcasting   | |  2.1

Action                   |  1- 3 |  4- 6 || total
-------------------------+-------+-------++-------
Melee: Unarmed           |    10 |       ||    10
       Spear             |    44 |       ||    44
       Hand axe          |    50 |    42 ||    92
       Punch             |     1 |       ||     1
       Kick              |       |     5 ||     5
 Cast: Sandblast         |    32 |       ||    32
  Use: Potion            |       |     7 ||     7
 Stab: Sleeping          |     5 |       ||     5
Armor: Robe              |    47 |     7 ||    54
       Skin              |       |    14 ||    14
Dodge: Dodged            |   119 |    22 ||   141

Table legend: (Time is in decaauts)
 A = Elapsed time spent in this place.
 B = Non-inter-level travel time spent in this place.
 C = Inter-level travel time spent in this place.
 D = Time resting spent in this place.
 E = Time spent auto-exploring this place.
 F = Levels seen in this place.
 G = Mean time per level.
                   A        B        C        D        E       F      G
               +--------+--------+--------+--------+--------+-----+--------+
         Total |   3375 |   3262 |    113 |      0 |   2800 |   5 |  675.0 |
       Dungeon |   3375 |   3262 |    113 |      0 |   2800 |   5 |  675.0 |
               +--------+--------+--------+--------+--------+-----+--------+

Top non-repeatable levels by time:
     D:1: 1857 daAuts
     D:2: 963 daAuts
     D:5: 440 daAuts
     D:4: 68 daAuts
     D:3: 46 daAuts
